[Event "17th Memorial Lezcano Montalvo 2025"]
[Site "Gran Canaria"]
[Date "2025.04.18"]
[Round "7.21"]
[White "Blanco Barros, Juan Carlos"]
[Black "Tytynnik, Artem"]
[Result "0-1"]
[Annotator "ChessBase"]
[ECO "B23"]
[WhiteElo "1941"]
[BlackElo "2209"]
[PlyCount "56"]
[EventDate "2025.04.13"]
[EventType "swiss"]
[EventCountry "ESP"]
[SourceTitle "playchess.com"]
[Source "ChessBase"]
[SourceQuality "1"]
[TimeControl "5400+30"]

1. e4 c5 2. Nc3 d6 3. f4 Nf6 4. Nf3 g6 5. Bc4 Bg7 6. d3 Nc6 7. O-O O-O 8. Qe1 Na5 9. f5 Nxc4 10. dxc4 gxf5 11. Qh4 fxe4 12. Bh6 Bxh6 13. Qxh6 exf3 14. Rxf3 Kh8 15. Rxf6 exf6 16. Nd5 Rg8 17. Nxf6 Rg7 18. Re1 Bf5 19. h4 Qf8 20. Kh1 Bxc2 21. g4 Rg8 22. Qf4 Ba4 23. h5 Bc6+ 24. Kh2 Qg7 25. Qf5 Rae8 26. Rxe8 Rxe8 27. Kh3 Re3+ 28. Kh4 h6 0-1

[Event "17th Memorial Lezcano Montalvo 2025"]
[Site "Gran Canaria"]
[Date "2025.04.18"]
[Round "7.22"]
[White "Garcia Brion, Eduardo"]
[Black "Quintero Hernandez, Marcos Jesus"]
[Result "1-0"]
[Annotator "ChessBase"]
[ECO "C00"]
[WhiteElo "2171"]
[BlackElo "1874"]
[PlyCount "100"]
[EventDate "2025.04.13"]
[EventType "swiss"]
[EventCountry "ESP"]
[SourceTitle "playchess.com"]
[Source "ChessBase"]
[SourceQuality "1"]
[TimeControl "5400+30"]

1. e4 e6 2. Qe2 d5 3. exd5 Qxd5 4. Nc3 Qd8 5. g3 Nf6 6. Bg2 Be7 7. Nf3 O-O 8. O-O Nbd7 9. d4 Nd5 10. Nd1 c5 11. c4 N5f6 12. Ne3 cxd4 13. Nxd4 a6 14. b3 Qc7 15. Bb2 Re8 16. h4 Nc5 17. Rfe1 Bd7 18. Rad1 Bc6 19. Nxc6 bxc6 20. Qf3 Rac8 21. Ng4 Nxg4 22. Qxg4 Bf8 23. h5 h6 24. b4 Nd7 25. c5 a5 26. a3 axb4 27. axb4 Kh7 28. Be4+ Kg8 29. Bb1 Rcd8 30. Rd6 Nb8 31. Red1 Rxd6 32. cxd6 Qc8 33. f4 Nd7 34. Qf3 Qb7 35. Bc3 Qb6+ 36. Kh1 c5 37. Qd3 f5 38. b5 Nf6 39. Bxf6 gxf6 40. Ba2 Kg7 41. d7 Rd8 42. g4 Qb7+ 43. Kh2 Qc7 44. Kg3 Qb6 45. gxf5 Qa5 46. Bc4 Be7 47. Kh3 Ra8 48. Rg1+ Kh8 49. Qg3 Qa3 50. Bb3 Bd8 1-0

[Event "17th Memorial Lezcano Montalvo 2025"]
[Site "Gran Canaria"]
[Date "2025.04.18"]
[Round "7.23"]
[White "Yelisieiev, Yevhenii"]
[Black "Ramirez Maillo, Juan Adonay"]
[Result "1-0"]
[Annotator "RC"]
[ECO "D26"]
[WhiteElo "2413"]
[BlackElo "1956"]
[PlyCount "77"]
[EventDate "2025.04.13"]
[EventType "swiss"]
[EventCountry "ESP"]
[SourceTitle "playchess.com"]
[Source "ChessBase"]
[SourceQuality "1"]
[TimeControl "5400+30"]

1. d4 d5 2. c4 e6 3. Nf3 dxc4 4. e3 Nf6 5. Bxc4 a6 6. O-O Be7 7. Nbd2 b5 8. Bd3 Nbd7 9. e4 c5 10. e5 Nd5 11. a4 c4 12. Bb1 Bb7 13. Ne4 N7b6 14. Bg5 f6 15. exf6 gxf6 16. a5 fxg5 17. axb6 Qxb6 18. Nfxg5 O-O-O 19. Nf7 Nf6 20. Nxd8 Rxd8 21. Qe2 Rxd4 22. Nxf6 Bxf6 23. Ra3 Qc6 24. Rg3 Qd5 25. Bxh7 Rd2 26. Qe1 Bxb2 27. Be4 Qxe4 28. Qxd2 Be5 29. Re1 Qf4 30. Rg8+ Kc7 31. Qd8+ Kc6 32. g3 Qd4 33. Qe8+ Kc7 34. Qe7+ Kb6 35. Qxe6+ Bd6 36. Rd8 Kc5 37. Qe2 Qd5 38. Qe3+ Kc6 39. Qe6 1-0

[Event "17th Memorial Lezcano Montalvo 2025"]
[Site "Gran Canaria"]
[Date "2025.04.18"]
[Round "7.24"]
[White "Estremera Panos, Sergio"]
[Black "Ramos Santana, Marcelino"]
[Result "0-1"]
[Annotator "RC"]
[ECO "A96"]
[WhiteElo "2195"]
[BlackElo "1903"]
[PlyCount "76"]
[EventDate "2025.04.13"]
[EventType "swiss"]
[EventCountry "ESP"]
[SourceTitle "playchess.com"]
[Source "ChessBase"]
[SourceQuality "1"]
[TimeControl "5400+30"]

1. d4 f5 2. Nf3 e6 3. g3 Nf6 4. Bg2 Be7 5. O-O O-O 6. c4 d6 7. Nc3 Ne4 8. Nxe4 fxe4 9. Ne1 d5 10. Be3 Nc6 11. f3 exf3 12. Nxf3 Na5 13. c5 Nc4 14. Bc1 b6 15. b3 Na5 16. Ne5 Bb7 17. Bh3 Bc8 18. Bd2 Bf6 19. Rc1 Bxe5 20. Rxf8+ Kxf8 21. dxe5 c6 22. Bb4 Kg8 23. Qd4 b5 24. Rf1 Nb7 25. Bd2 Qe7 26. b4 a5 27. a3 Bd7 28. Qg4 Rf8 29. Rxf8+ Qxf8 30. Qd4 a4 31. e4 Nd8 32. Bg5 Nf7 33. Bd2 Nd8 34. Bg4 g6 35. h4 h5 36. Bd1 Nf7 37. Bc2 Qg7 38. Bf4 g5 0-1

[Event "17th Memorial Lezcano Montalvo 2025"]
[Site "Gran Canaria"]
[Date "2025.04.18"]
[Round "7.25"]
[White "Posso Cangrejo, Sergio David"]
[Black "Marrero Cardenes, Agustin"]
[Result "0-1"]
[Annotator "ChessBase"]
[ECO "B15"]
[WhiteElo "1878"]
[BlackElo "2163"]
[PlyCount "78"]
[EventDate "2025.04.13"]
[EventType "swiss"]
[EventCountry "ESP"]
[SourceTitle "playchess.com"]
[Source "ChessBase"]
[SourceQuality "1"]
[TimeControl "5400+30"]

1. e4 c6 2. d4 d5 3. Nd2 dxe4 4. Nxe4 Nf6 5. Nxf6+ exf6 6. c3 Bd6 7. Bd3 O-O 8. Qc2 Re8+ 9. Ne2 h5 10. O-O h4 11. h3 Nd7 12. Bd2 Nf8 13. Rae1 g6 14. Nf4 Rxe1 15. Rxe1 f5 16. Bc4 b5 17. Bb3 a5 18. a4 bxa4 19. Bxa4 Rb8 20. Nd3 Ba6 21. Bc1 Bxd3 22. Qxd3 Bc7 23. Bxc6 Qd6 24. Qf3 Rb6 25. Bd5 Nh7 26. c4 Nf6 27. c5 Qh2+ 28. Kf1 Rb4 29. Rd1 a4 30. Bc6 Rb3 31. Be3 Rxb2 32. Bd2 Rb3 33. Be3 a3 34. Bd5 Rb2 35. Bd2 a2 36. Bxa2 Ne4 37. Ke2 Rxa2 38. d5 Qe5 39. Kd3 Kg7 0-1

[Event "17th Memorial Lezcano Montalvo 2025"]
[Site "Gran Canaria"]
[Date "2025.04.18"]
[Round "7.26"]
[White "Henriquez Garcia, David"]
[Black "Bethencourt Hernandez, Alberto"]
[Result "0-1"]
[Annotator "NA"]
[ECO "E61"]
[WhiteElo "1869"]
[BlackElo "2122"]
[PlyCount "66"]
[EventDate "2025.04.13"]
[EventType "swiss"]
[EventCountry "ESP"]
[SourceTitle "playchess.com"]
[Source "ChessBase"]
[SourceQuality "1"]
[TimeControl "5400+30"]

1. c4 Nf6 2. Nc3 g6 3. g3 Bg7 4. Bg2 O-O 5. e3 d6 6. Nge2 e5 7. O-O c6 8. d4 Qe7 9. b4 Rd8 10. Qb3 exd4 11. exd4 d5 12. cxd5 Nxd5 13. Nxd5 cxd5 14. Be3 Be6 15. Rac1 Nc6 16. Rc5 Qd7 17. Rfc1 Bf8 18. a3 Bxc5 19. Rxc5 Rac8 20. Bg5 Ne7 21. Qe3 b6 22. Rxc8 Rxc8 23. Qe5 Nf5 24. g4 Ng7 25. Bh6 Ne8 26. g5 Bh3 27. Bxh3 Qxh3 28. Qe7 Nc7 29. Qe5 Ne6 30. f4 Qf5 31. Qd6 Qe4 32. Qd7 Rd8 33. Qe7 Qxe2 0-1

[Event "17th Memorial Lezcano Montalvo 2025"]
[Site "Gran Canaria"]
[Date "2025.04.18"]
[Round "7.27"]
[White "Halldorsson, Halldor"]
[Black "Gonzalez Perdomo, Sergio"]
[Result "0-1"]
[Annotator "ChessBase"]
[ECO "B56"]
[WhiteElo "2103"]
[BlackElo "1880"]
[PlyCount "84"]
[EventDate "2025.04.13"]
[EventType "swiss"]
[EventCountry "ESP"]
[SourceTitle "playchess.com"]
[Source "ChessBase"]
[SourceQuality "1"]
[TimeControl "5400+30"]

1. e4 c5 2. Nf3 Nc6 3. Bb5 Nf6 4. Nc3 d6 5. O-O Bd7 6. d4 cxd4 7. Nxd4 g6 8. Nxc6 Bxc6 9. Bxc6+ bxc6 10. Qe2 Nd7 11. Qc4 Ne5 12. Qa4 Bg7 13. f4 Qb6+ 14. Kh1 Nd7 15. Bd2 O-O 16. Qc4 Rab8 17. Rab1 Rfd8 18. Rf3 a5 19. h4 Nf6 20. h5 d5 21. exd5 cxd5 22. Qe2 Nxh5 23. Rd3 e6 24. Qg4 Qf2 25. Nd1 Qf1+ 26. Kh2 f5 27. Qf3 Qxf3 28. gxf3 Rdc8 29. c3 Bh6 30. Nf2 Bxf4+ 31. Kg2 Bxd2 32. Rxd2 Rxc3 33. Nh3 h6 34. Re1 Rc6 35. Re3 Kf7 36. Ra3 Rb5 37. b3 Rbc5 38. Nf2 Nf4+ 39. Kg3 g5 40. Ra4 h5 41. Rxf4 gxf4+ 42. Kxf4 Rc2 0-1

[Event "17th Memorial Lezcano Montalvo 2025"]
[Site "Gran Canaria"]
[Date "2025.04.18"]
[Round "7.28"]
[White "Sukhodolskyi, Oleksii"]
[Black "Ludishev, Artem"]
[Result "0-1"]
[Annotator "RC"]
[ECO "D02"]
[WhiteElo "2070"]
[BlackElo "1874"]
[PlyCount "152"]
[EventDate "2025.04.13"]
[EventType "swiss"]
[EventCountry "ESP"]
[SourceTitle "playchess.com"]
[Source "ChessBase"]
[SourceQuality "1"]
[TimeControl "5400+30"]

1. d4 Nf6 2. Bf4 e6 3. e3 c5 4. Nf3 Nc6 5. Nbd2 d5 6. c3 Nh5 7. Bg5 Qb6 8. Rb1 h6 9. Bh4 g5 10. Ne5 Nxe5 11. Qxh5 Ng6 12. Bg3 cxd4 13. exd4 Bd6 14. Bxd6 Qxd6 15. g3 e5 16. Bb5+ Kf8 17. O-O exd4 18. cxd4 Qb4 19. Qe2 Bh3 20. Rfd1 Rg8 21. Nf1 a6 22. Qh5 Kg7 23. Qxh3 axb5 24. a3 Qd6 25. Ne3 Ne7 26. Nf5+ Nxf5 27. Qxf5 b4 28. axb4 Rgd8 29. Qe5+ Qxe5 30. dxe5 d4 31. b3 Rd5 32. f4 gxf4 33. gxf4 Kg6 34. Rbc1 Rad8 35. Rc7 R8d7 36. Rxd7 Rxd7 37. Kf2 Kf5 38. Kf3 d3 39. Rd2 Rd4 40. Ke3 Rxf4 41. Rxd3 Kxe5 42. Rd7 Rxb4 43. Rxf7 Rxb3+ 44. Kd2 b5 45. Rb7 Kd5 46. Kc2 Kc6 47. Rf7 Rh3 48. Rf6+ Kc5 49. Rf5+ Kb4 50. Rf4+ Ka3 51. Rf2 b4 52. Kb1 h5 53. Ra2+ Kb3 54. Rb2+ Kc4 55. Rc2+ Rc3 56. Rf2 Kb3 57. Rb2+ Ka4 58. Rf2 h4 59. Rf4 h3 60. Rf2 Kb3 61. Rb2+ Kc4 62. Rf2 Kd3 63. Rf4 b3 64. Kb2 Ke3 65. Rh4 Rc2+ 66. Kxb3 Rxh2 67. Rc4 Rd2 68. Rc8 Kf2 69. Rh8 Rd3+ 70. Kc2 Rg3 71. Kd2 Kg2 72. Re8 h2 73. Re2+ Kh3 74. Re1 Rg1 75. Re3+ Kg4 76. Re4+ Kf5 0-1

[Event "17th Memorial Lezcano Montalvo 2025"]
[Site "Gran Canaria"]
[Date "2025.04.18"]
[Round "7.29"]
[White "Camino Carrio, Nicanor"]
[Black "De La Cruz Perez, Carlos"]
[Result "0-1"]
[Annotator "NA"]
[ECO "C74"]
[WhiteElo "2045"]
[BlackElo "1835"]
[PlyCount "46"]
[EventDate "2025.04.13"]
[EventType "swiss"]
[EventCountry "ESP"]
[SourceTitle "playchess.com"]
[Source "ChessBase"]
[SourceQuality "1"]
[TimeControl "5400+30"]

1. e4 e5 2. Nf3 Nc6 3. Bb5 a6 4. Ba4 d6 5. c3 f5 6. exf5 Bxf5 7. O-O Bd3 8. Re1 Be7 9. Bc2 Bxc2 10. Qxc2 Nf6 11. d4 e4 12. d5 exf3 13. dxc6 bxc6 14. gxf3 O-O 15. Bg5 Qd7 16. Nd2 Rae8 17. Nf1 Qh3 18. Bxf6 Rxf6 19. Ng3 Rh6 20. Qf5 Qxh2+ 21. Kf1 Rf8 22. Qg4 Rg6 23. Qh5 Bh4 0-1

[Event "17th Memorial Lezcano Montalvo 2025"]
[Site "Gran Canaria"]
[Date "2025.04.18"]
[Round "7.31"]
[White "Basualdo De Ornelas, Jorge"]
[Black "Rodriguez Melian, Jose Luis"]
[Result "1/2-1/2"]
[Annotator "RC"]
[ECO "C42"]
[WhiteElo "1794"]
[BlackElo "2029"]
[PlyCount "137"]
[EventDate "2025.04.13"]
[EventType "swiss"]
[EventCountry "ESP"]
[SourceTitle "playchess.com"]
[Source "ChessBase"]
[SourceQuality "1"]
[TimeControl "5400+30"]

1. e4 e5 2. Nf3 Nf6 3. Nxe5 d6 4. Nd3 Nxe4 5. Qe2 Qe7 6. Nf4 c6 7. f3 Nf6 8. d4 Bf5 9. c3 d5 10. g4 Bc8 11. h4 Qxe2+ 12. Bxe2 Bd6 13. h5 Nbd7 14. Kf2 Nf8 15. g5 Ng8 16. Bd3 Ne7 17. Re1 Ne6 18. Ng2 O-O 19. Na3 g6 20. Nc2 Ng7 21. Bf4 Bxf4 22. Nxf4 Ne6 23. Nxe6 Bxe6 24. Re5 Kg7 25. h6+ Kg8 26. Rae1 Nc8 27. Ne3 Nd6 28. Ng2 Bf5 29. Bxf5 Nxf5 30. Ne3 f6 31. gxf6 Nxe3 32. R1xe3 Rxf6 33. Re8+ Rxe8 34. Rxe8+ Kf7 35. Rh8 g5 36. Rxh7+ Kg6 37. Rxb7 Kxh6 38. Kg3 a5 39. a4 Re6 40. Rb6 Kh5 41. b4 Re3 42. Rxc6 g4 43. bxa5 Rxf3+ 44. Kg2 Rd3 45. a6 Rd2+ 46. Kf1 Ra2 47. a7 Rxa4 48. Rc7 Kh4 49. Rh7+ Kg3 50. Ke2 Kg2 51. Ke3 Kg3 52. Rg7 Ra3 53. Ke2 Ra2+ 54. Ke3 Ra3 55. Ke2 Kh3 56. Rh7+ Kg2 57. Rd7 g3 58. Rxd5 Rxa7 59. Rg5 Rc7 60. Kd3 Kf3 61. d5 g2 62. Kd4 Rf7 63. d6 Rf4+ 64. Ke5 Rg4 65. Rxg4 Kxg4 66. d7 g1=Q 67. d8=Q Qe3+ 68. Kd6 Qxc3 69. Qg8+ 1/2-1/2

[Event "17th Memorial Lezcano Montalvo 2025"]
[Site "Gran Canaria"]
[Date "2025.04.18"]
[Round "7.32"]
[White "Juan Miguel, Javier"]
[Black "Torres Rebolledo, Marcos"]
[Result "0-1"]
[Annotator "RC"]
[ECO "D04"]
[WhiteElo "1803"]
[BlackElo "2010"]
[PlyCount "114"]
[EventDate "2025.04.13"]
[EventType "swiss"]
[EventCountry "ESP"]
[SourceTitle "playchess.com"]
[Source "ChessBase"]
[SourceQuality "1"]
[TimeControl "5400+30"]

1. d4 Nf6 2. e3 d5 3. Bd3 c5 4. b3 Nc6 5. Bb2 cxd4 6. exd4 Bg4 7. Nf3 Qa5+ 8. Nbd2 Nb4 9. Qe2 Nxd3+ 10. Qxd3 e6 11. O-O Bf5 12. Qe2 Bxc2 13. Rac1 Be4 14. a3 Bd6 15. b4 Qb6 16. Ne5 O-O 17. Nxe4 dxe4 18. Rc2 Rfc8 19. Rfc1 Rxc2 20. Rxc2 Qd8 21. h3 Rc8 22. Nc4 Bc7 23. a4 a6 24. Bc3 h6 25. Kh1 Qd5 26. Bb2 Nd7 27. a5 Rd8 28. Rd2 f5 29. Bc3 Nf6 30. Ne5 Rc8 31. Qe3 Qb5 32. Qe2 Qxe2 33. Rxe2 Bxe5 34. dxe5 Nd5 35. Bd4 Rc4 36. Bc5 Nxb4 37. Bb6 Nd5 38. Rb2 Rb4 39. Rxb4 Nxb4 40. Bd4 Kf7 41. Kh2 f4 42. g3 f3 43. g4 Kg6 44. Kg3 Nd5 45. Ba1 h5 46. Bb2 h4+ 47. Kh2 e3 48. fxe3 Nxe3 49. Kg1 f2+ 50. Kxf2 Nd1+ 51. Kf3 Nxb2 52. Ke4 Nc4 53. Kd4 Nxa5 54. Kc5 Nc6 55. Kb6 Nxe5 56. Ka5 Nxg4 57. hxg4 h3 0-1

[Event "17th Memorial Lezcano Montalvo 2025"]
[Site "Gran Canaria"]
[Date "2025.04.18"]
[Round "7.33"]
[White "Macias Reyes, Jose Luis"]
[Black "Gonzalez Martinez, Miguel Angel"]
[Result "0-1"]
[Annotator "ChessBase"]
[ECO "A48"]
[WhiteElo "1674"]
[BlackElo "2134"]
[PlyCount "90"]
[EventDate "2025.04.13"]
[EventType "swiss"]
[EventCountry "ESP"]
[SourceTitle "playchess.com"]
[Source "ChessBase"]
[SourceQuality "1"]
[TimeControl "5400+30"]

1. d4 d6 2. Bf4 Nf6 3. e3 Nbd7 4. h3 g6 5. Nf3 c6 6. Be2 Bg7 7. O-O O-O 8. c4 Re8 9. Bh2 Qb6 10. Qb3 Ne4 11. Nc3 Nxc3 12. bxc3 c5 13. Rfe1 e5 14. Bf1 Qc6 15. a4 h6 16. a5 Nf8 17. d5 Qc7 18. e4 f5 19. Nd2 f4 20. f3 Rb8 21. Reb1 h5 22. Be2 Qe7 23. Kh1 Nh7 24. Rg1 Kf7 25. Nb1 Rh8 26. Na3 g5 27. Qd1 Nf6 28. Ra2 g4 29. fxg4 Nxe4 30. Qe1 hxg4 31. Bxg4 Nf6 32. Bxc8 Rbxc8 33. Re2 Qd7 34. Qd1 f3 35. gxf3 Qxh3 36. Reg2 Nh5 37. Qe1 Rh7 38. Qf2 Nf4 39. Rg4 Rch8 40. Rxf4+ exf4 41. Rg2 a6 42. Qb2 Kf8 43. Kg1 Qxf3 44. Qb4 b6 45. Qxb6 Bd4+ 0-1

[Event "17th Memorial Lezcano Montalvo 2025"]
[Site "Gran Canaria"]
[Date "2025.04.18"]
[Round "7.34"]
[White "Pace, Gabriele"]
[Black "Marrero Rodriguez, Jorge"]
[Result "0-1"]
[Annotator "ChessBase"]
[ECO "D00"]
[WhiteElo "1895"]
[BlackElo "2251"]
[PlyCount "62"]
[EventDate "2025.04.13"]
[EventType "swiss"]
[EventCountry "ESP"]
[SourceTitle "playchess.com"]
[Source "ChessBase"]
[SourceQuality "1"]
[TimeControl "5400+30"]

1. d4 d5 2. Bf4 c5 3. e3 Nc6 4. c3 Nf6 5. Bd3 Qb6 6. Qb3 c4 7. Qxb6 axb6 8. Bc2 b5 9. Na3 b4 10. Nb5 Ra5 11. a4 b3 12. Bd1 Bd7 13. Bc7 Ra6 14. Be5 Nxe5 15. Nc7+ Kd8 16. dxe5 Kxc7 17. exf6 gxf6 18. Bh5 Be6 19. Nf3 Bh6 20. Nd4 Rha8 21. O-O f5 22. f4 Rxa4 23. Rxa4 Rxa4 24. Nxe6+ fxe6 25. Be8 Ra2 26. Rb1 Bg7 27. Kf1 Kd8 28. Bf7 Kd7 29. Ke1 Rxb2 30. Rxb2 Bxc3+ 31. Kd1 Bxb2 0-1

[Event "17th Memorial Lezcano Montalvo 2025"]
[Site "Gran Canaria"]
[Date "2025.04.18"]
[Round "7.35"]
[White "Rodriguez Avila, Alvaro"]
[Black "Almeida Cubas, Mirella"]
[Result "1-0"]
[Annotator "RC"]
[ECO "B27"]
[WhiteElo "2212"]
[BlackElo "1824"]
[PlyCount "124"]
[EventDate "2025.04.13"]
[EventType "swiss"]
[EventCountry "ESP"]
[SourceTitle "playchess.com"]
[Source "ChessBase"]
[SourceQuality "1"]
[TimeControl "5400+30"]

1. e4 c5 2. Nf3 g6 3. d4 cxd4 4. Qxd4 Nf6 5. e5 Nc6 6. Qa4 Nd5 7. Qb3 Nb6 8. a4 e6 9. Bg5 Be7 10. Bxe7 Qxe7 11. Nc3 d6 12. exd6 Qxd6 13. Rd1 Qe7 14. Bb5 O-O 15. O-O Na5 16. Qa2 a6 17. Bd3 Bd7 18. Ne5 Nc6 19. Nxd7 Nxd7 20. Ne4 Nc5 21. Qa3 Nxd3 22. Qxe7 Nxe7 23. Rxd3 Rfd8 24. Rfd1 Nc6 25. f4 Rxd3 26. Rxd3 Rd8 27. Nf6+ Kg7 28. Rxd8 Nxd8 29. Nd7 b5 30. axb5 axb5 31. Kf2 Nc6 32. c3 f6 33. Ke3 Kf7 34. Nc5 Ke7 35. Ne4 e5 36. fxe5 fxe5 37. Ng5 h6 38. Nf3 Ke6 39. Ke4 Kd6 40. Nh4 Ne7 41. Nf3 Nc6 42. b3 Ke6 43. b4 Kd6 44. Nd2 Ke6 45. Nb1 Kd6 46. Na3 Na7 47. c4 bxc4 48. Nxc4+ Ke6 49. Nxe5 g5 50. Nf3 Nc8 51. Nd4+ Kf6 52. b5 Nb6 53. Nc2 h5 54. Ne3 Ke6 55. Kd4 Nd7 56. Nc4 Kf5 57. b6 Kf4 58. b7 h4 59. Ne5 Nb8 60. Nd3+ Kg4 61. Ke4 Kh5 62. Kf5 Kh6 1-0

[Event "17th Memorial Lezcano Montalvo 2025"]
[Site "Gran Canaria"]
[Date "2025.04.18"]
[Round "7.36"]
[White "Sanchez Montesdeoca, Isaac"]
[Black "Paquico Rodriguez, Ivan"]
[Result "0-1"]
[Annotator "ChessBase"]
[ECO "B06"]
[WhiteElo "1807"]
[BlackElo "2202"]
[PlyCount "96"]
[EventDate "2025.04.13"]
[EventType "swiss"]
[EventCountry "ESP"]
[SourceTitle "playchess.com"]
[Source "ChessBase"]
[SourceQuality "1"]
[TimeControl "5400+30"]

1. e4 d6 2. d4 g6 3. Nc3 Bg7 4. Be3 a6 5. Bd3 b5 6. Nf3 Bb7 7. Qd2 Nd7 8. O-O-O c5 9. Nd5 c4 10. Be2 Bxd5 11. exd5 Nb6 12. Qa5 Nxd5 13. Qxd8+ Rxd8 14. Bd2 Ngf6 15. Kb1 c3 16. Be1 Rc8 17. g3 cxb2 18. Kxb2 Ne4 19. Bd3 Nc5 20. c3 Na4+ 21. Kb3 Naxc3 22. Rc1 b4 23. Bc4 O-O 24. Bd2 a5 25. Bxd5 Nxd5 26. Rxc8 Rxc8 27. Rc1 Ra8 28. a4 h6 29. Rc6 g5 30. h3 Nf6 31. Be3 Ne4 32. Ne1 Nc3 33. Nd3 Kf8 34. Nb2 Ke8 35. Nc4 Kd7 36. Rb6 Kc7 37. d5 Nxd5 38. Rb5 Nxe3 39. fxe3 e6 40. g4 Bc3 41. e4 Rd8 42. Rxa5 Bd4 43. Kc2 d5 44. Nd2 Bc3 45. Nb3 dxe4 46. Rc5+ Kd6 47. Rc4 Ke5 48. Rc7 e3 0-1

[Event "17th Memorial Lezcano Montalvo 2025"]
[Site "Gran Canaria"]
[Date "2025.04.18"]
[Round "7.37"]
[White "Rossello Padron, Carlos"]
[Black "Ramirez Maillo, Cristian"]
[Result "0-1"]
[Annotator "RC"]
[ECO "E94"]
[WhiteElo "1776"]
[BlackElo "2106"]
[PlyCount "123"]
[EventDate "2025.04.13"]
[EventType "swiss"]
[EventCountry "ESP"]
[SourceTitle "playchess.com"]
[Source "ChessBase"]
[SourceQuality "1"]
[TimeControl "5400+30"]

1. c4 Nf6 2. Nf3 g6 3. Nc3 Bg7 4. d4 O-O 5. e4 d6 6. Be2 Nbd7 7. O-O e5 8. dxe5 dxe5 9. Qc2 c6 10. b3 Re8 11. Bb2 a5 12. Rad1 Qc7 13. Ba3 Bf8 14. Bxf8 Nxf8 15. Rd2 Bg4 16. Rfd1 Ne6 17. g3 Bxf3 18. Bxf3 Nd4 19. Qd3 Nd7 20. Qe3 Nc5 21. Ne2 Nce6 22. Bg4 Nxe2+ 23. Rxe2 Nd4 24. Red2 c5 25. h4 h5 26. Be2 a4 27. Qg5 Qd8 28. Qxd8 Rexd8 29. Kf1 axb3 30. axb3 Rd6 31. Rb1 Rb6 32. Bd1 Kf8 33. f4 exf4 34. gxf4 Re8 35. e5 f6 36. Rf2 fxe5 37. fxe5+ Kg7 38. Rbb2 Rxe5 39. Bc2 Re3 40. b4 cxb4 41. c5 Rb5 42. Ba4 Rxc5 43. Rxb4 Rc1+ 44. Kg2 Nf5 45. Rxb7+ Kh6 46. Rb4 Rg3+ 47. Kh2 Rgg1 48. Bc6 Rge1 49. Bf3 Rc3 50. Bg2 Rec1 51. Bh3 Ne3 52. Rbf4 Nd5 53. Rf8 Rc4 54. Kg3 Rg1+ 55. Kh2 Rd1 56. R2f7 Rxh4 57. Kg3 Rg1+ 58. Kf2 Ra1 59. Bg2 Ra2+ 60. Kg1 Rg4 61. Rf2 Ra1+ 62. Kh2 0-1

[Event "17th Memorial Lezcano Montalvo 2025"]
[Site "Gran Canaria"]
[Date "2025.04.18"]
[Round "7.38"]
[White "Cruz Pino, Adrian"]
[Black "Guerra Aleman, Marcial"]
[Result "1-0"]
[Annotator "NA"]
[ECO "A16"]
[WhiteElo "2099"]
[BlackElo "1766"]
[PlyCount "75"]
[EventDate "2025.04.13"]
[EventType "swiss"]
[EventCountry "ESP"]
[SourceTitle "playchess.com"]
[Source "ChessBase"]
[SourceQuality "1"]
[TimeControl "5400+30"]

1. c4 Nf6 2. Nc3 g6 3. e4 d6 4. d3 Bg7 5. f4 O-O 6. Nf3 Bg4 7. h3 Bxf3 8. Qxf3 Nc6 9. Be3 Nd7 10. Qf2 e5 11. f5 Nd4 12. g4 Nf6 13. g5 Nh5 14. f6 Nxf6 15. gxf6 Bxf6 16. O-O-O Bh4 17. Qg2 Ne6 18. Bh6 Bg5+ 19. Bxg5 Qxg5+ 20. Qxg5 Nxg5 21. h4 Ne6 22. Bh3 Nf4 23. Nd5 Nxd5 24. cxd5 f5 25. exf5 gxf5 26. Rhg1+ Kh8 27. Rg5 f4 28. Kd2 Rg8 29. Rdg1 Rxg5 30. Rxg5 Rg8 31. Ke2 Rxg5 32. hxg5 Kg7 33. Bf5 c6 34. Be4 c5 35. a4 b6 36. Kf3 a6 37. b3 h5 38. Kg2 1-0

[Event "17th Memorial Lezcano Montalvo 2025"]
[Site "Gran Canaria"]
[Date "2025.04.18"]
[Round "7.39"]
[White "Julien Casteleiro, Ariel"]
[Black "Cruz Ramirez, Nauzet"]
[Result "0-1"]
[Annotator "NA"]
[ECO "A48"]
[WhiteElo "1761"]
[BlackElo "2076"]
[PlyCount "72"]
[EventDate "2025.04.13"]
[EventType "swiss"]
[EventCountry "ESP"]
[SourceTitle "playchess.com"]
[Source "ChessBase"]
[SourceQuality "1"]
[TimeControl "5400+30"]

1. d4 Nf6 2. Nf3 g6 3. Bf4 Bg7 4. h3 c5 5. e3 O-O 6. Be2 b6 7. c4 cxd4 8. exd4 d5 9. Nc3 Bb7 10. O-O e6 11. Re1 dxc4 12. Bxc4 Nc6 13. Rc1 a6 14. a4 Ne7 15. Qe2 Bxf3 16. Qxf3 Qxd4 17. Be5 Qxc4 18. Bxf6 Bxf6 19. Ne4 Qd4 20. Qxf6 Qxf6 21. Nxf6+ Kg7 22. Nd7 Rfd8 23. Nxb6 Rab8 24. a5 Nd5 25. Red1 Nxb6 26. Rxd8 Rxd8 27. axb6 Rd6 28. b7 Rb6 29. Rc6 Rxb7 30. Rxa6 Rxb2 31. Kf1 g5 32. Rd6 h5 33. g3 Rb4 34. Ke2 h4 35. Kf3 Rb3+ 36. Kg4 Kg6 0-1

[Event "17th Memorial Lezcano Montalvo 2025"]
[Site "Gran Canaria"]
[Date "2025.04.18"]
[Round "7.40"]
[White "Cappelle, Cedric"]
[Black "Schmitz, Andreas Arnold"]
[Result "1/2-1/2"]
[Annotator "RC"]
[ECO "D25"]
[WhiteElo "1774"]
[BlackElo "1967"]
[PlyCount "103"]
[EventDate "2025.04.13"]
[EventType "swiss"]
[EventCountry "ESP"]
[SourceTitle "playchess.com"]
[Source "ChessBase"]
[SourceQuality "1"]
[TimeControl "5400+30"]

1. d4 d5 2. c4 dxc4 3. Nf3 Nf6 4. e3 Bg4 5. Bxc4 e6 6. Qb3 Bxf3 7. gxf3 Nbd7 8. Nc3 Nb6 9. Be2 c6 10. O-O Bd6 11. f4 Nfd5 12. Ne4 Bc7 13. Bd2 Qh4 14. Ng5 h6 15. Nf3 Qe7 16. a4 a5 17. e4 Nb4 18. Rac1 O-O-O 19. Rc5 Rxd4 20. Nxd4 Qxc5 21. Be3 Qe7 22. Rc1 g5 23. f5 exf5 24. Nb5 fxe4 25. Nxc7 Kxc7 26. Bc5 Qe6 27. Qg3+ Kc8 28. Bxb6 Nd5 29. Bxa5 f5 30. Bc4 f4 31. Qb3 Qg4+ 32. Kh1 Nc7 33. Bxc7 Kxc7 34. Be6 Qf3+ 35. Qxf3 exf3 36. Bg4 Rd8 37. Bxf3 Rd2 38. Kg2 Rxb2 39. Rc4 Rd2 40. a5 Ra2 41. Rc5 Kb8 42. Re5 Ka7 43. Re6 Rxa5 44. Bxc6 bxc6 45. Rxc6 h5 46. Rh6 g4 47. Rf6 f3+ 48. Kg3 Ra1 49. Kh4 Rh1 50. Kxh5 Rxh2+ 51. Kxg4 Rxf2 52. Rxf3 1/2-1/2

[Event "17th Memorial Lezcano Montalvo 2025"]
[Site "Gran Canaria"]
[Date "2025.04.18"]
[Round "7.41"]
[White "Matos Espino, Carlos Silverio"]
[Black "Rivero Tacoronte, Gabriel"]
[Result "1-0"]
[Annotator "NA"]
[ECO "A02"]
[WhiteElo "1731"]
[BlackElo "1963"]
[PlyCount "58"]
[EventDate "2025.04.13"]
[EventType "swiss"]
[EventCountry "ESP"]
[SourceTitle "playchess.com"]
[Source "ChessBase"]
[SourceQuality "1"]
[TimeControl "5400+30"]

1. f4 e5 2. fxe5 d6 3. Nf3 dxe5 4. Nxe5 Bd6 5. Nf3 Nh6 6. d3 Ng4 7. g3 h5 8. Bg2 h4 9. gxh4 Nxh2 10. Bg5 Nxf3+ 11. Bxf3 Bg3+ 12. Kd2 f6 13. Qg1 Be5 14. Be3 Qe7 15. Nc3 c6 16. Bc5 Bf4+ 17. Kd1 Qf7 18. Qd4 Be5 19. Qe3 Na6 20. Ne4 Nxc5 21. Nd6+ Ke7 22. Nxf7 Kxf7 23. Qxc5 Be6 24. Kd2 Rhd8 25. Rhg1 Rd7 26. c3 Bf4+ 27. Kc2 Rh8 28. h5 Re8 29. h6 Bd5 1-0